 Dungeon Crawl Stone Soup version 0.30-a0-459-g9104f0fc43 (webtiles) character file.

Game seed: 18246804166385478494

1216 cforsyth the Ruffian (level 8, -9/79 HPs)
             Began as a Troll Fighter on Dec 16, 2022.
             Was an Initiate of Wu Jian.
             Mangled by an ogre
             ... wielding a +0 giant club
              (30 damage)
             ... on level 6 of the Dungeon.
             The game lasted 00:04:45 (3075 turns).

cforsyth the Ruffian (Troll Fighter)                Turns: 3075, Time: 00:04:45

Health: -9/79      AC:  8    Str: 25    XL:     8   Next: 22%
Magic:  7/7        EV:  8    Int:  6    God:    Wu Jian [......]
Gold:   209        SH: 13    Dex:  9    Spells: 7/7 levels left

rFire   . . .      SeeInvis .      - Unarmed
rCold   . . .      Faith    .    b - +0 kite shield
rNeg    . . .      Spirit   .    t - +0 acid dragon scales
rPois   .          Reflect  +    (helmet restricted)
rElec   .          Harm     .    (no cloak)
rCorr   +          Rampage  .    (gloves unavailable)
Will    .....                    (boots unavailable)
Stlth   +.........               u - amulet of reflection
HPRegen 1.13/turn                (no ring)
MPRegen 0.10/turn                (no ring)

@: lethally poisoned (-9 -> -18)
A: large, unfitting armour, claws 3, regeneration 1, shaggy fur 1, tough skin 1
a: Renounce Religion


You were on level 6 of the Dungeon.
You worshipped Wu Jian.
Wu Jian was noncommittal.
You visited 2 branches of the dungeon, and saw 7 of its levels.

You collected 209 gold pieces.

Inventory:

Armour
 b - a +0 kite shield (worn)
 t - +0 acid dragon scales (worn)
Jewellery
 u - an amulet of reflection (around neck)
 w - a ring of protection from cold
 B - a ring of protection from fire
Scrolls
 a - a scroll of fear
 d - a scroll of blinking
 e - 4 scrolls of teleportation
 h - a scroll of amnesia
 j - a scroll of magic mapping {unknown}
 k - 2 scrolls of vulnerability {unknown}
 m - 2 scrolls of identify {unknown}
 x - a scroll of enchant armour {unknown}
 y - a scroll of torment {unknown}
 z - a scroll of fog {unknown}
 A - a scroll of poison {unknown}
Potions
 c - 5 potions of might
 f - 2 potions of ambrosia {unknown}
 g - 3 potions of curing {unknown}
 i - a potion of degeneration {unknown}
 l - 3 potions of brilliance {unknown}
 n - 2 potions of cancellation {unknown}
 o - a potion of mutation {unknown}
 p - a potion of invisibility {unknown}
 q - a potion of resistance {unknown}
 r - 2 potions of lignification {unknown}
 s - 2 potions of heal wounds {unknown}
 v - a potion of flight {unknown}


   Skills:
 + Level 4.7 Fighting
 - Level 2.4 Dodging
 + Level 5.2 Shields
 * Level 7.2 Unarmed Combat


You had 7 spell levels left.
You didn't know any spells.
Your spell library contained the following spells:

 Spells                   Type           Power      Damage    Failure   Level
 Summon Small Mammal      Summ           0%         N/A       80%         1
 Cigotuvi's Dreadful Rot  Necr/Pois/Air  0%         N/A       91%         2
 Poisonous Vapours        Pois/Air       0%         N/A       91%         2
 Call Canine Familiar     Summ           0%         N/A       99%         3
 Gell's Gravitas          Tloc           0%         N/A       99%         3
 Mephitic Cloud           Conj/Pois/Air  0%         N/A       99%         3
 Summon Guardian Golem    Hex/Summ       0%         N/A       99%         3
 Teleport Other           Tloc           0%         N/A       99%         3
 Petrify                  Tmut/Erth      0%         N/A       100%        4
 Metabolic Englaciation   Hex/Ice        0%         N/A       100%        5
 Dispersal                Tloc           0%         N/A       100%        6
 Statue Form              Tmut/Erth      0%         N/A       100%        6


Dungeon Overview and Level Annotations

Branches:
Dungeon (6/15)             Temple (1/1) D:5

Altars:
Ru
Trog
Wu Jian
Xom
Zin

Annotations:
D:4 3 runed translucent doors, DeathPants's ghost, amateur VSHs


Innate Abilities, Weirdness & Mutations

You are too large for most types of armour.
You have claws for hands.
Your natural rate of healing is unusually fast.
You are covered in fur. (AC +1)
You have tough skin. (AC +1)


Message History

You are poisoned.
The water moccasin poisons you! The yak gores you!
You claw the yak!
The yak is moderately wounded.
You feel very sick. You block the water moccasin's attack.
An ogre comes into view. It is wielding a +0 giant club.
You block the yak's attack.
The ogre shouts!
You claw the yak!
The yak is heavily wounded.
You feel sick. The water moccasin bites you.
You are more poisoned.
The water moccasin poisons you! You block the water moccasin's attack.
You block the yak's attack.
You scratch the yak but do no damage.
The yak is heavily wounded.
You feel very sick. You block the water moccasin's attack. The yak gores you!
You claw the yak!
The yak is almost dead.
You feel very sick. You block the water moccasin's attack.
You claw the yak!
You kill the yak!
The Council accepts your kill.
You feel very sick. The water moccasin barely misses you.
Your Unarmed Combat skill increases to level 7!
You barely miss the ogre.
You feel sick. You block the water moccasin's attack.
You block the ogre's attack. The water moccasin bites you!
You are more poisoned.
The water moccasin poisons you!
You claw the ogre!
The ogre is moderately wounded.
You feel very sick.
A necrophage comes into view.
You block the water moccasin's attack.
The ogre hits you with a +0 giant club!!
You die...

#......########
#...#.........#
.#######...#....####.#
.##........#.....###.##.
.##.####......#..^......
.##.####..###.#....#.##.
..............#......#
..######...#.....#......
..#####....#.###@#......
...........#...SO#......
..####.#...n..#.5...#...
#.# #....###.#)###.#...
#.# #........#. .. #.#
##....#..!. #.# ##...#
### #.# #...# ..# ....


You could see a water moccasin, an ogre, a necrophage and a white imp.

Vanquished Creatures
  A yak (D:6)
  An ice beast (D:6)
  A black bear (D:4)
  A centaur (D:6)
  A phantom (D:6)
  A kobold brigand (D:6)
  A bullfrog (D:6)
  A necrophage (D:5)
  A scorpion (D:5)
  2 howler monkeys (D:6)
  4 hounds
  An orc priest (D:5)
  2 orc wizards
  5 adders
  8 gnolls
  A shadow imp (D:6)
  2 ufetubi
  2 dart slugs
  5 orcs
  4 ball pythons
  4 endoplasms
  A giant cockroach (D:4)
  7 goblins
  6 hobgoblins
  7 kobolds
  6 quokkas
  5 bats
  5 frilled lizards
  5 rats
91 creatures vanquished.

Vanquished Creatures (others)
  A plant (D:2)
1 creature vanquished.

Grand Total: 92 creatures vanquished

Notes
Turn   | Place    | Note
-------+----------+-------------------------------------------
     0 | D:1      | cforsyth the Troll Fighter began the quest for the Orb.
     0 | D:1      | Reached XP level 1. HP: 22/22 MP: 0/0
   129 | D:1      | Reached XP level 2. HP: 29/29 MP: 1/1
   398 | D:2      | Reached XP level 3. HP: 24/36 MP: 2/2
   405 | D:2      | Reached skill level 3 in Unarmed Combat
   797 | D:2      | Reached XP level 4. HP: 44/44 MP: 3/3
   990 | D:2      | Identified the +0 chain mail "Yplirr" {rF+}
  1300 | D:3      | Reached XP level 5. HP: 33/53 MP: 2/4
  1316 | D:3      | Reached skill level 4 in Unarmed Combat
  1935 | D:4      | Noticed a black bear
  1943 | D:4      | Killed a black bear
  1944 | D:4      | Reached XP level 6. HP: 55/61 MP: 5/5
  2024 | D:4      | Found a runed translucent gate.
  2025 | D:4      | Found a runed translucent gate.
  2025 | D:4      | Found a runed translucent gate.
  2028 | D:4      | Noticed DeathPants's ghost (amateur VSHs)
  2288 | D:5      | Entered Level 5 of the Dungeon
  2318 | D:5      | Reached skill level 5 in Unarmed Combat
  2524 | D:5      | Found a staircase to the Ecumenical Temple.
  2551 | Temple   | Entered the Ecumenical Temple
  2556 | Temple   | Became a worshipper of the Wu Jian Council
  2765 | D:5      | Reached XP level 7. HP: 68/68 MP: 6/6
  2985 | D:6      | Reached skill level 6 in Unarmed Combat
  3057 | D:6      | Noticed a yak
  3061 | D:6      | Reached skill level 5 in Shields
  3061 | D:6      | Reached XP level 8. HP: 68/79 MP: 7/7
  3074 | D:6      | Reached skill level 7 in Unarmed Combat
  3075 | D:6      | Mangled by an ogre

Illustrated notes

Levels and vault maps discovered:
D:1:      evilmike_arrival_hilbert_curve, layout_rooms
D:2:      layout_basic, serial_bayou_pond_b, minmay_tetromino_i2
D:3:      layout_loops_ring
D:4:      layout_cave_pools, gammafunk_ghost_necromancy
D:5:      layout_rooms, minmay_temple_entry_statues_fountains,
          serial_park_tiny_1
D:6:      hangedman_cross_stitches, layout_loops_ring,
          biasface_ghost_orc_armoury, corexii_item_surrounded_by_moat,
          minivault_25, nicolae_shop_firing_range
Temple:   nicolae_temple_bog_church

Skill      XL: |  1  2  3  4  5  6  7  8 |
---------------+-------------------------+-----
Shields        | 3 4 5 |  5.2
Unarmed Combat | 3 4 5 6 7 |  7.2
Fighting       | 3 4 |  4.7
Dodging        | |  2.4

Action                   |  1- 3 |  4- 6 |  7- 9 || total
-------------------------+-------+-------+-------++-------
Melee: Unarmed           |    73 |   133 |    56 ||   262
Invok: Lunge             |       |     2 |     2 ||     4
  Use: Scroll            |       |     5 |       ||     5
Armor: Robe              |    21 |    16 |       ||    37
       Acid dragon scale |       |    25 |    27 ||    52
Dodge: Dodged            |    26 |    43 |    17 ||    86
Block: Kite shield       |    17 |    53 |    39 ||   109
       Reflection        |       |     2 |     3 ||     5

Table legend: (Time is in decaauts)
 A = Elapsed time spent in this place.
 B = Non-inter-level travel time spent in this place.
 C = Inter-level travel time spent in this place.
 D = Time resting spent in this place.
 E = Time spent auto-exploring this place.
 F = Levels seen in this place.
 G = Mean time per level.
                   A        B        C        D        E       F      G
               +--------+--------+--------+--------+--------+-----+--------+
         Total |   3089 |   2932 |    157 |    202 |   2088 |   7 |  441.3 |
       Dungeon |   3078 |   2926 |    152 |    202 |   2088 |   6 |  513.0 |
        Temple |     10 |      5 |      5 |      0 |      0 |   1 |   10.0 |
               +--------+--------+--------+--------+--------+-----+--------+

Top non-repeatable levels by time:
     D:2: 761 daAuts
     D:3: 681 daAuts
     D:5: 648 daAuts
     D:4: 493 daAuts
     D:1: 378 daAuts
     D:6: 115 daAuts
  Temple: 10 daAuts
